 Dungeon Crawl Stone Soup version 0.31-a0-1074-g0b22e4e0f1 (webtiles) character file.

Game seed: 5791576667333156433

4 73612iajs the Stinger (level 1, -3/15 HPs)
             Began as a Djinni Fire Elementalist on Dec 7, 2023.
             Slain by Jessica
             ... wielding a +0 dagger
              (4 damage)
             ... on level 2 of the Dungeon on Dec 8, 2023.
             The game lasted 00:04:54 (365 turns).

73612iajs the Stinger (Djinni Fire Elementalist)     Turns: 365, Time: 00:04:54

Health: -3/15      AC:  2    Str:  7    XL:     1   Next: 77%
Gold:   17         EV: 12    Int: 16    God:
                   SH:  0    Dex: 13

rFire   + + .        f - +0 sling
rCold   x . .        (no shield)
rNeg    . . .        a - +0 robe
rPois   ∞            (no helmet)
rElec   .            (no cloak)
rCorr   .            (no gloves)
SInv    .            (boots unavailable)
Will    .....        (no amulet)
Stlth   ++           (no ring)
HPRegen 0.22/turn    (no ring)
MPRegen 0.00/turn

%: infuse magic (-4 HP)
@: flying
A: sickness immunity, fire resistance 2, cold vulnerability 1, float, innate
caster, HP casting, extra vitality 1
a: no special abilities


You were on level 2 of the Dungeon.
You visited 1 branch of the dungeon, and saw 2 of its levels.

You collected 17 gold pieces.

Inventory:

Hand Weapons
 c - a +0 dagger
 d - a +0 whip
 f - a +0 sling (weapon)
Armour
 a - a +0 robe (worn)
 b - a +0 pair of gloves
Scrolls
 e - a scroll of fog {unknown}
 g - 2 scrolls of identify {unknown}
Potions
 h - a potion of brilliance {unknown}


   Skills:
 + Level 0.1 Ranged Weapons
 + Level 2.4 Dodging
 + Level 1.6 Stealth
 + Level 0.1 Unarmed Combat
 + Level 3.0 Spellcasting
 + Level 3.0 Conjurations
 + Level 3.0 Hexes
 + Level 3.0 Summonings
 + Level 3.0 Necromancy
 + Level 3.0 Translocations
 + Level 3.0 Transmutations
 + Level 3.0 Fire Magic
 + Level 3.0 Ice Magic
 + Level 3.0 Air Magic
 + Level 3.0 Earth Magic
 + Level 3.0 Poison Magic


You knew the following spells:

 Your Spells              Type           Power      Damage    Failure   Level
a - Foxfire               Conj/Fire      48%        2x1d6     5%          1
b - Scorch                Fire           24%        2d6       9%          2
c - Volatile Blastmotes   Fire/Tloc      24%        2d12      16%         3
d - Inner Flame           Hex/Fire       12%        N/A       16%         3
e - Flame Wave            Conj/Fire      12%        2d6       47%         4
Your spell library was empty.

Dungeon Overview and Level Annotations

Branches:
Dungeon (2/15)

Altars:

Annotations:
D:2 Jessica


Innate Abilities, Weirdness & Mutations

You are immune to sickness and miasma.
You are immune to poison.
Your flesh is very heat resistant. (rF++)
You are vulnerable to cold. (rC-)
You float through the air rather than walking.
You learn spells naturally, not from books.
Your magical power is your life essence.
You have superior vitality. (+4 MHP)


Message History

You fly downwards.
The hatch slams shut behind you.
Found 4 stones.
Found a stone staircase leading up.
Jessica shouts!
Jessica casts a spell.
Jessica seems to speed up.
Jessica grins evilly.
Jessica points at you and mumbles some strange words.
You barely resist.
Jessica mumbles some strange words.
Jessica blinks!
Jessica gestures at you while chanting. You resist with some effort.
Jessica closely misses you. Jessica barely misses you.
Jessica attacks as she pursues you! Jessica hits you with a +0 dagger.
Jessica mumbles some strange words.
Jessica blinks!
Jessica gestures at you while chanting. Pain shoots through your body!
You shoot a sling bullet.
The sling bullet closely misses Jessica.
Jessica shouts, "You're disturbing me!
I'll have to kill you!" Jessica misses you. Jessica hits you with a +0 dagger.
You shoot a sling bullet.
The sling bullet closely misses Jessica.
Jessica mumbles some strange words.
Jessica blinks!
Jessica casts a spell.
Jessica blinks!
Jessica barely misses you.
You shoot a sling bullet.
The sling bullet closely misses Jessica.
Jessica hits you with a +0 dagger.
* * * LOW HITPOINT WARNING * * *
Jessica hits you with a +0 dagger.
* * * LOW HITPOINT WARNING * * *
You shoot a sling bullet.
The sling bullet closely misses Jessica.
Jessica hits you with a +0 dagger.
You die...

...........#
#.#.#....#
###
#.......###..
#......#.##
#........(#
#.......#..<
#.#...#.# .
#.....#.#
#.@@..#.#..#
#............
#.........###
#.....#####
####....
######


You could see Jessica (fast).

Vanquished Creatures
  A bat (D:1)
  A hobgoblin (D:1)
  A frilled lizard (D:1)
  2 kobolds (D:1)
5 creatures vanquished.

Notes
Turn   | Place    | Note
-------+----------+-------------------------------------------
     0 | D:1      | 73612iajs the Djinni Fire Elementalist began the quest for
                  | the Orb.
     0 | D:1      | 73612iajs set off with the following spells memorised:
                  | Foxfire, Scorch, Volatile Blastmotes, Inner Flame, Flame
                  | Wave.
     0 | D:1      | Reached XP level 1. HP: 15/15 MP: 0/0
   345 | D:2      | Noticed Jessica
   365 | D:2      | Slain by Jessica

Illustrated notes

Levels and vault maps discovered:
D:1:      erik_arrival_cave_to_civilisation [erik_arrival_cave_to_hall],
          layout_basic
D:2:      layout_loops_ring, serial_shops, shop, uniq_jessica, uniq_terence

Skill      XL: | |
---------------+-+-----
Spellcasting   | |  3.0
Conjurations   | |  3.0
Hexes          | |  3.0
Summonings     | |  3.0
Necromancy     | |  3.0
Translocations | |  3.0
Transmutations | |  3.0
Fire Magic     | |  3.0
Ice Magic      | |  3.0
Air Magic      | |  3.0
Earth Magic    | |  3.0
Poison Magic   | |  3.0
Ranged Weapons | |  0.1
Dodging        | |  2.4
Stealth        | |  1.6
Unarmed Combat | |  0.1

Action                     || total
---------------------------++-------
  Melee: Unarmed           ||    17
   Fire: Sling             ||    16
 Armour: Robe              ||    34
  Dodge: Dodged            ||    37

Table legend: (Time is in decaauts)
 A = Elapsed time spent in this place.
 B = Non-inter-level travel time spent in this place.
 C = Inter-level travel time spent in this place.
 D = Time resting spent in this place.
 E = Time spent auto-exploring this place.
 F = Levels seen in this place.
 G = Mean time per level.
                   A        B        C        D        E       F      G
               +--------+--------+--------+--------+--------+-----+--------+
         Total |    370 |    301 |     69 |      0 |      0 |   2 |  185.0 |
       Dungeon |    370 |    301 |     69 |      0 |      0 |   2 |  185.0 |
               +--------+--------+--------+--------+--------+-----+--------+

Top non-repeatable levels by time:
     D:1: 349 daAuts
     D:2: 20 daAuts
